 Dungeon Crawl Stone Soup version 0.20-a0-1114-g33edf32 (webtiles) character file.

2054 Leszczynek the Carver (level 9, -3/68 HPs)
             Began as a Merfolk Chaos Knight on May 6, 2017.
             Slain by an unseen horror (5 damage)
             ... on level 1 of the Abyss.
             The game lasted 00:33:06 (6768 turns).

Leszczynek the Carver (Merfolk Chaos Knight)        Turns: 6768, Time: 00:33:06

Health: -3/68      AC:  9    Str: 18    XL:     9   Next: 25%
Magic:  17/17      EV: 15    Int: 12    God:    Xom [...*..]
Gold:   388        SH:  0    Dex: 15    Spells: 8/8 levels left

rFire    . . .     SeeInvis .   a - +0 falchion (chaos)
rCold    . . .     Gourm    .   (no shield)
rNeg     . . .     Faith    .   b - +2 leather armour
rPois    .         Spirit   .   v - +0 helmet
rElec    .         Reflect  .   (no cloak)
rCorr    .         Harm     .   (no gloves)
MR       .....                  E - +2 pair of boots
Stlth    +.........             (no amulet)
Regen    0.3/turn               f - ring of magical power
MPRegen  0.2/turn               (no ring)

@: mighty, very slightly contaminated, hasted, very quick
A: change form in water, swift swim, stealthy swim, low mp 1, wild magic 1
a: Renounce Religion


You were on level 1 of the Abyss.
You worshipped Xom.
You were a favourite toy of Xom.
You were not hungry.

You visited 1 branch of the dungeon, and saw 8 of its levels.
You visited the Abyss 1 time.

You collected 388 gold pieces.

Inventory:

Hand Weapons
 a - a +0 falchion of chaos (weapon)
 q - a +0 blowgun
 w - a +2 short sword of holy wrath
 y - a +1 dagger of electrocution
 F - a +4 trident
Missiles
 o - 4 tomahawks (quivered)
 G - 6 javelins
Armour
 b - a +2 leather armour (worn)
 v - a +0 helmet (worn)
 E - a +2 pair of boots (worn)
Jewellery
 f - a ring of magical power (left hand)
 i - an uncursed ring of ice
Wands
 p - a wand of random effects (20/48)
 r - a wand of iceblast (4/15)
 A - a wand of scattershot (2/9)
 C - a wand of disintegration (0/24)
 H - a wand of confusion (20/48)
Scrolls
 g - 6 scrolls of remove curse {@r2}
 D - a scroll of magic mapping
 I - a scroll of fear
 J - a scroll of identify {@r1}
Potions
 e - 2 potions of might
 h - a potion of flight {unknown}
 m - a potion of lignification {unknown}
 n - 2 potions of cancellation
 s - a potion of heal wounds {unknown}
 t - a potion of mutation {!q}
 x - a potion of resistance {unknown}
 z - a potion of ambrosia {unknown}
 B - a potion of brilliance {unknown}
Comestibles
 c - 2 fruits
 d - 9 bread rations
 j - 6 royal jellies
 l - 5 meat rations


   Skills:
 + Level 5.3 Fighting
 - Level 4.1(9.0) Short Blades
 * Level 11.2(11.4) Long Blades
 - Level 0.6 Armour
 - Level 5.4 Dodging
 + Level 0.0 Evocations


You had 8 spell levels left.
You didn't know any spells.

Dungeon Overview and Level Annotations

Branches:
Dungeon (8/15)             Temple (0/1) D:4
   Lair: D:8-11

Altars:
Makhleb
Okawaru
Xom

Annotations:
D:4 Leszczynek's ghost, amateur TeWn
D:6 troll, orc f
D:7 orc f
D:8 glowing shifter, Psyche


Innate Abilities, Weirdness & Mutations

You revert to your normal form in water.
You are very nimble and swift while swimming.
You are very stealthy in the water. (Stealth+)
Your magical capacity is low. (-10% MP)
Your spells are a little harder to cast, but a little more powerful.


Message History

A starspawn tentacle comes into view.
An iron imp comes into view.
Your +2 pair of boots unmelds from your body.
The iron imp shouts!
Unknown command.
Deactivating autopickup; reactivate with Ctrl-A.
You barely miss something. Something hits you but does no damage.
You closely miss something.
You hear a splashing noise.
Something hits you.
* * * LOW HITPOINT WARNING * * *
Unknown command.
Something hits you but does no damage. Something hits you.
* * * LOW HITPOINT WARNING * * *
Unknown command.
Something hits you.
* * * LOW HITPOINT WARNING * * *
You feel yourself speed up. Something hits you.
You die...

∆ ≈≈. # ≈≈..# #.
≈...# ## #### ≈.. #
## ###5.# ##≈#.#
#§§ #@{#.###≈..#.
§§#§
#.....#.#≈≈≈≈≈.#.#
# ##
#..##.#.#5≈z≈≈###..
.# ..
#.#≈≈#≈#≈#..#...##
###.5##≈≈##......#
##≈. ≈X# #... ##
#....#.# .##
.#.....# #.#
#...#.#X . .


You could see an iron imp and an ufetubus.

Vanquished Creatures
  A hippogriff (D:7)
  A warg (D:5)
  A black bear (D:8)
  An orc warrior (D:7)
  A swamp drake (shapeshifter) (D:8)
  A phantom (D:8)
  2 ogres
  A boggart (D:8)
  2 bullfrogs
  2 scorpions
  3 crimson imps
  A bullfrog zombie (D:7)
  A jelly (D:5)
  3 orc priests
  7 orc wizards
  A hound (D:4)
  A worker ant (D:8)
  A killer bee zombie (D:7)
  Robin (D:4)
  9 adders
  4 gnolls (D:6)
  2 shadow imps (D:8)
  A worm (D:2)
  2 leopard geckos
  28 orcs
  7 bats
  3 giant cockroaches
  21 goblins
  11 hobgoblins
  3 jackals (D:3)
  A quokka (D:5)
  2 ball pythons
  2 frilled lizards
  5 kobolds
  A quokka skeleton (D:5)
  3 rats
137 creatures vanquished.

Vanquished Creatures (collateral kills)
  Purgy (D:4)
  A quokka (D:4)
2 creatures vanquished.

Vanquished Creatures (others)
  A hippogriff (D:7)
  An orc (D:3)
  3 starspawn tentacles (Abyss:1)
5 creatures vanquished.

Grand Total: 144 creatures vanquished

Notes
Turn   | Place    | Note
-------+----------+-------------------------------------------
     0 | D:1      | Leszczynek the Merfolk Chaos Knight began the quest for the Orb.
     0 | D:1      | Reached XP level 1. HP: 18/18 MP: 1/1
     0 | D:1      | time to take a break from wanderers
   153 | D:1      | XOM: smoke on damage
   180 | D:1      | HP: 2/18 [hobgoblin/club (4)]
   243 | D:1      | XOM: potion effect (brilliance)
   328 | D:1      | XOM: divination: detect items
   449 | D:1      | XOM: divination: magic mapping
   481 | D:1      | XOM: harmless Tloc miscast
   491 | D:1      | Reached XP level 2. HP: 19/24 MP: 2/2
   572 | D:1      | XOM: silly message
   632 | D:1      | Reached skill level 4 in Long Blades
   947 | D:2      | Reached XP level 3. HP: 28/29 MP: 3/3
  1285 | D:2      | Reached skill level 5 in Long Blades
  1335 | D:2      | Found a faded altar of an unknown god.
  1339 | D:2      | XOM: harmless Ice miscast
  1441 | D:3      | Reached XP level 4. HP: 25/35 MP: 4/4
  1487 | D:3      | XOM: smoke on damage
  1587 | D:3      | the orc is devoured by a tear in reality.
  1632 | D:3      | XOM: divination: detect items
  1672 | D:3      | Reached skill level 6 in Long Blades
  1738 | D:3      | Reached XP level 5. HP: 36/41 MP: 5/5
  1770 | D:3      | Reached skill level 3 in Dodging
  1975 | D:3      | XOM: divination: detect items
  1999 | D:4      | Noticed Leszczynek's ghost (amateur TeWn)
  1999 | D:4      | hello there
  2032 | D:3      | XOM: god gift: scroll labeled HOLAJU GIRIDGH {god gift}
  2126 | D:4      | Noticed Robin
  2152 | D:4      | XOM: potion effect (agility)
  2182 | D:4      | Killed Robin
  2442 | D:4      | Noticed Purgy
  2443 | D:4      | XOM: summons 3 friendly demons
  2459 | D:4      | Killed Purgy
  2522 | D:4      | XOM: noise
  2525 | D:4      | XOM: scenery: create altars
  2537 | D:4      | XOM: god gift: 35 gold pieces {god gift}
  2630 | D:4      | XOM: god gift: 47 gold pieces {god gift}
  2647 | D:4      | Reached skill level 7 in Long Blades
  2647 | D:4      | Reached XP level 6. HP: 12/47 MP: 6/6
  2789 | D:4      | Found a staircase to the Ecumenical Temple.
  2821 | D:5      | Entered Level 5 of the Dungeon
  3075 | D:5      | Noticed a warg
  3075 | D:5      | an ogre changed into a warg
  3075 | D:5      | XOM: polymorph ogre -> warg
  3086 | D:5      | Killed a warg
  3086 | D:5      | Reached skill level 4 in Dodging
  3089 | D:5      | gee thanks xom
  3110 | D:5      | Reached skill level 4 in Fighting
  3182 | D:5      | XOM: give mutations
  3182 | D:5      | Gained mutation: Your system is resistant to poisons. (rPois) [Xom's mischief]
  3182 | D:5      | Gained mutation: You are occasionally teleported next to monsters. [Xom's mischief]
  3182 | D:5      | Gained mutation: Armour fits poorly on your strangely shaped body. [Xom's mischief]
  3182 | D:5      | Lost mutation: Armour fits poorly on your strangely shaped body. [Xom's mischief]
  3197 | D:5      | Reached XP level 7. HP: 38/54 MP: 7/7
  3230 | D:5      | XOM: confusion
  3250 | D:5      | Reached skill level 8 in Long Blades
  3339 | D:5      | Reached skill level 1 in Short Blades
  3353 | D:5      | XOM: harmless Fire miscast
  3425 | D:5      | XOM: harmless Conj miscast
  3440 | D:5      | Reached skill level 2 in Short Blades
  3628 | D:6      | ooh, a long sword
  3628 | D:6      | har har
  3922 | D:6      | Reached skill level 3 in Short Blades
  3944 | D:6      | XOM: divination: detect items
  3946 | D:6      | XOM: silly message
  3952 | D:6      | XOM: butterfly on damage
  3973 | D:6      | Reached skill level 4 in Short Blades
  4075 | D:6      | XOM: swap monsters
  4220 | D:6      | XOM: god gift: halberd {god gift}
  4247 | D:6      | Reached XP level 8. HP: 52/60 MP: 8/8
  4315 | D:6      | Noticed a troll
  4315 | D:6      | uh huh
  4325 | D:6      | XOM: medium Hex miscast
  4343 | D:7      | Noticed a hippogriff
  4344 | D:7      | uh huh
  4348 | D:7      | Killed a hippogriff
  4348 | D:7      | Reached skill level 9 in Long Blades
  4348 | D:7      | Reached skill level 5 in Dodging
  4618 | D:7      | XOM: fog
  4681 | D:7      | XOM: confuse monster(s)
  4822 | D:7      | Noticed a hippogriff
  4852 | D:7      | Reached skill level 10 in Long Blades
  4867 | D:7      | XOM: potion effect (heal wounds)
  4942 | D:7      | Found a burning altar of Makhleb.
  4942 | D:7      | Noticed a balrug
  4953 | D:7      | Found an iron altar of Okawaru.
  4964 | D:7      | XOM: 2-stop teleportation journey
  4972 | D:7      | XOM: give mutations
  4972 | D:7      | Gained mutation: Armour fits poorly on your strangely shaped body. [Xom's mischief]
  4972 | D:7      | Gained mutation: You are frail. (-10% HP) [Xom's mischief]
  5158 | D:8      | XOM: confuse monster(s)
  5238 | D:8      | XOM: scenery: create altars
  5254 | D:8      | Reached XP level 9. HP: 21/59 MP: 9/9
  5489 | D:8      | XOM: polymorph killer bee -> hound
  5505 | D:8      | Noticed a glowing shapeshifter
  5505 | D:8      | a bullfrog changed into a glowing shapeshifter
  5506 | D:8      | a glowing shapeshifter changed into a redback
  5511 | D:8      | XOM: cast spell 'Summon Ice Beast'
  5512 | D:8      | Noticed a torpor snail
  5512 | D:8      | a redback changed into a torpor snail
  5519 | D:8      | Noticed a swamp dragon
  5519 | D:8      | a torpor snail changed into a swamp dragon
  5520 | D:8      | you know what
  5520 | D:8      | this is overdoing things a bit
  5523 | D:8      | XOM: summons friendly white imp
  5548 | D:8      | XOM: potion effect (invisibility)
  5557 | D:8      | Noticed a wind drake
  5558 | D:8      | Noticed a polar bear
  5558 | D:8      | a wind drake changed into a polar bear
  5731 | D:7      | XOM: confuse monster(s)
  5757 | D:7      | Reached skill level 11 in Long Blades
  5846 | D:7      | Lost mutation: You are frail. (-10% HP) [potion of mutation]
  5846 | D:7      | Lost mutation: Your system is resistant to poisons. (rPois) [potion of mutation]
  5846 | D:7      | Gained mutation: Your spells are a little easier to cast, but a little less powerful. [potion of mutation]
  5846 | D:7      | Gained mutation: You have a pair of small horns on your head. [potion of mutation]
  5851 | D:7      | Lost mutation: You have a pair of small horns on your head. [potion of mutation]
  5851 | D:7      | Lost mutation: Armour fits poorly on your strangely shaped body. [potion of mutation]
  5851 | D:7      | Lost mutation: Your spells are a little easier to cast, but a little less powerful. [potion of mutation]
  5851 | D:7      | Lost mutation: You are occasionally teleported next to monsters. [potion of mutation]
  5851 | D:7      | Gained mutation: Your magical capacity is low. (-10% MP) [potion of mutation]
  5851 | D:7      | Gained mutation: Your spells are a little harder to cast, but a little more powerful. [potion of mutation]
  5917 | D:7      | XOM: summons 9 friendly demons
  5956 | D:7      | Reached skill level 5 in Fighting
  6195 | D:8      | XOM: divination: detect items
  6196 | D:8      | Noticed a manticore
  6196 | D:8      | a hippogriff changed into a manticore
  6199 | D:8      | XOM: divination: magic mapping
  6390 | D:8      | XOM: harmless Chrm miscast
  6470 | D:8      | XOM: potion effect (agility)
  6475 | D:8      | Noticed Psyche
  6484 | D:8      | Cast into level 1 of the Abyss (Psyche)
  6484 | Abyss:1  | Found a corrupted altar of Lugonu.
  6515 | Abyss:1  | XOM: god gift: quarterstaff {god gift}
  6564 | Abyss:1  | Noticed a tentacled starspawn
  6566 | Abyss:1  | XOM: destruction
  6746 | Abyss:1  | Noticed a blizzard demon
  6747 | Abyss:1  | XOM: harmless Summ miscast
  6748 | Abyss:1  | Noticed a large abomination
  6750 | Abyss:1  | XOM: divination: detect items
  6752 | Abyss:1  | HP: 9/68 [blizzard demon/freezing blast (22)]
  6760 | Abyss:1  | Noticed a tentacled starspawn
  6760 | Abyss:1  | XOM: potion effect (might)
  6764 | Abyss:1  | HP: 9/68 [something (2)]
  6767 | Abyss:1  | HP: 2/68 [something (5)]
  6768 | Abyss:1  | Slain by an unseen horror

Vault maps used:
D:1:      dpeg_arrival_concentric_ovals
D:2:      chequers_ecumenical_altar_simple_redux, serial_glass, glass_columns_a,
          glass_columns_b
D:3:      chequers_temple_overflow_statue_of_worship, uniq_natasha
D:4:      grunt_qazlal_sundering, uniq_purgy, uniq_robin
D:5:      corexii_shack_village, gammafunk_temple_overflow_pools, first_bread,
          st_stairs_3
D:7:      makhleb_altar_promises_db, okawaru_humans
D:8:      nicolae_gozag_zags_fifth_avenue, uniq_psyche

Skill      XL: |  1  2  3  4  5  6  7  8  9 |
---------------+----------------------------+-----
Long Blades    | 4 5 6 7 8 10 11 | 11.2
Dodging        | 3 4 5 |  5.4
Fighting       | 4 5 |  5.3
Short Blades   | 4 |  4.1
Armour         | |  0.6

Action                   |  1- 3 |  4- 6 |  7- 9 || total
-------------------------+-------+-------+-------++-------
Melee: Falchion          |    98 |   125 |   185 ||   408
       Rapier            |       |    50 |   113 ||   163
       Short sword       |       |       |    64 ||    64
Throw: Javelin           |       |       |     2 ||     2
       Throwing net      |       |       |     2 ||     2
Evoke: Wand              |       |     7 |    13 ||    20
  Use: Scroll            |       |    10 |    11 ||    21
       Potion            |       |     2 |     5 ||     7
 Stab: Sleeping          |     1 |     1 |       ||     2
       Distracted        |       |     1 |       ||     1
       Confused          |       |       |     4 ||     4
       Petrifying        |       |       |     4 ||     4
       Petrified         |       |       |     3 ||     3
       Invisible         |       |       |     2 ||     2
  Eat: Chunk             |     2 |     5 |     8 ||    15
       Fruit             |       |       |     5 ||     5
Armor: Leather armour    |    35 |    55 |    68 ||   158
Dodge: Dodged            |    55 |    99 |   187 ||   341
       Rpst.: Falchion   |    17 |    22 |    25 ||    64
